AoeStats
← Emp

African Clearing

510336753Analyzed
4v4 RM · 1d ago on Sep 30, 2026· 39m 43s· 8 players
Game mode
Random Map
Map size
Large (8 player)
Population
200
Speed
Normal
Resources
Standard
Victory
Conquest
Starting age
Dark Age
Ending age
Imperial Age
RankedLock teamsTeams togetherTeam positionsShared explorationLock speedFull tech treeHidden civsTurbo modeCheats
Victory
Defeat
🇧🇪 Japanese · Belgium
1305
+15
🇧🇪 Varangians · Belgium
1296
+15
🇲🇪 Danes · Montenegro
1252
+17
🇲🇪 Vietnamese · Montenegro
1188
+21
🇧🇦 Vikings · Bosnia & Herzegovina
1296
-18
🇮🇳 Ethiopians · India
1277
-17
🇦🇪 Lithuanians · United Arab Emirates
1277
-17
🇨🇳 Berbers · China
1268
-16
1godi
13:46 Loom
15:55 Feudal Age
19:33 Castle Age
17:51 Double-Bit Axe
17:56 Horse Collar
20:28 Bow Saw
20:35 Heavy Plow
24:35 Stone Mining
25:19 Gold Mining
32:02 Imperial Age
BLADE
10:53 Loom
13:11 Feudal Age
13:52 Double-Bit Axe
15:58 Fletching
19:48 Horse Collar
25:00 Castle Age
23:51 Gold Mining
25:20 Padded Archer Armor
26:05 Bow Saw
27:04 Elite Skirmisher
27:44 Crossbowman
29:30 Bodkin Arrow
33:06 Wheelbarrow
33:07 Leather Archer Armor
33:50 Town Watch
35:34 Heavy Plow
39:34 Imperial Age
飘雪
6:00 Loom
11:49 Feudal Age
12:29 Double-Bit Axe
19:48 Castle Age
18:26 Stone Mining
19:52 Gold Mining
19:46 Horse Collar
23:55 Gold Shaft Mining
27:22 Padded Archer Armor
32:31 Fletching
32:57 Leather Archer Armor
34:14 Heavy Plow
34:59 Wheelbarrow
34:34 Bodkin Arrow
CilleR
3:41 Loom
15:04 Feudal Age
18:49 Castle Age
21:04 Fishing Lines
21:12 Fishing Lines
29:53 Gillnets
30:00 Gillnets
31:18 Stone Mining
31:18 Gold Mining
32:33 Wheelbarrow
37:36 Imperial Age
36:29 Scale Barding Armor
36:34 Forging
37:25 Stone Shaft Mining
36:33 Horse Collar
36:43 Double-Bit Axe
37:36 Chain Barding Armor
Emp
9:44 Loom
11:48 Feudal Age
12:42 Man-at-Arms
13:09 Arson
14:32 Forging
15:16 Double-Bit Axe
15:12 Horse Collar
16:46 Scale Mail Armor
18:58 Wheelbarrow
18:08 Town Watch
21:39 Castle Age
21:17 Gold Mining
24:00 Squires
24:27 Stone Mining
25:13 Gambesons
25:29 Squires
25:45 Chain Mail Armor
25:47 Bow Saw
27:32 Heavy Plow
29:27 Fletching
34:09 Imperial Age
33:23 Hand Cart
33:44 Iron Casting
33:31 Bodkin Arrow
34:06 Ballistics
35:19 Conscription
35:51 Plate Mail Armor
35:48 Elite Varangian Guard
38:21 Blast Furnace
39:40 Northmen's Fury
ZAGOR
3:00 Loom
14:01 Feudal Age
14:50 Town Watch
18:42 Castle Age
17:22 Bloodlines
17:20 Scale Barding Armor
17:32 Forging
18:57 Double-Bit Axe
18:54 Horse Collar
20:24 Bow Saw
21:23 Town Patrol
21:54 Husbandry
28:57 Heavy Plow
31:10 Wheelbarrow
31:44 Chain Barding Armor
31:40 Gold Mining
31:43 Stone Mining
33:04 Hand Cart
33:30 Iron Casting
33:58 Stone Shaft Mining
37:43 Imperial Age
35:01 Treadmill Crane
36:15 Masonry
36:01 Murder Holes
36:00 Fletching
37:46 Cavalier
38:55 Conscription
37:57 Vendel Legacy
39:19 Plate Barding Armor
39:57 Blast Furnace
38:54 Bodkin Arrow
rmilun
4:12 Loom
13:37 Feudal Age
14:40 Double-Bit Axe
23:04 Castle Age
21:07 Fletching
22:24 Gold Mining
23:18 Crossbowman
23:55 Bodkin Arrow
27:08 Elite Skirmisher
28:14 Ballistics
30:02 Thumb Ring
31:57 Bow Saw
33:36 Wheelbarrow
35:09 Horse Collar
40:34 Imperial Age
NEH
13:55 Feudal Age
12:19 Loom
14:05 Feudal Age
15:08 Double-Bit Axe
18:03 Castle Age
19:01 Bow Saw
22:09 Medium Warships
23:47 Scale Mail Armor
24:41 Fishing Lines
24:56 Horse Collar
25:43 Squires
26:04 Heavy Plow
27:33 Chain Mail Armor
27:31 Forging
29:08 Wheelbarrow
30:55 Hand Cart
31:40 Iron Casting
31:23 Yasama
35:08 Imperial Age
33:05 Fletching
33:46 Town Watch
34:30 Guard Tower
34:37 Murder Holes
34:39 Bodkin Arrow
36:41 Iron Casting
36:50 Keep
36:20 Bracer
36:56 Ballistics
36:35 Treadmill Crane
38:11 Plate Mail Armor
38:41 Blast Furnace
37:45 Elite Samurai
38:47 Town Patrol
38:44 Gold Mining
38:45 Stone Mining
39:46 Arson
40:43 Conscription
Connection lost

Rejoining the realm…

Still unreachable

The connection could not be restored.

Session expired

The server has moved on; the page needs a fresh start.